 Dungeon Crawl Stone Soup version 0.29.1-15-g9cfb28693d (webtiles) character file.

Game seed: 12977325823781227604

343 Goblin1989 the Cutter (level 6, -8/35 HPs)
             Began as a Kobold Gladiator on Mar 7, 2023.
             Mangled by an ancient zyme (10 damage)
             ... on level 1 of the Abyss.
             The game lasted 00:10:53 (3820 turns).

Goblin1989 the Cutter (Kobold Gladiator)            Turns: 3820, Time: 00:10:54

Health: -8/35      AC:  5    Str: 11    XL:     6   Next: 88%
Magic:  6/6        EV: 15    Int: 15    God:
Gold:   179        SH:  0    Dex: 18    Spells: 5/5 levels left

rFire   + . .      SeeInvis .   b - +3 dagger
rCold   + + .      Faith    .   (no shield)
rNeg    . . .      Spirit   .   f - +0 leather armour
rPois   +          Reflect  .   c - +0 helmet
rElec   +          Harm     .   (no cloak)
rCorr   +          Rampage  .   (no gloves)
Will    .....                   v - +0 pair of boots
Stlth   ++++......              (no amulet)
HPRegen 0.00/turn               k - ring "Mecoyrgh" {rC+ Int+5}
MPRegen 0.10/turn               (no ring)

@: resistant, sick
A: small, no large weapons, nightstalker 3
a: no special abilities


You were on level 1 of the Abyss.
You visited 1 branch of the dungeon, and saw 4 of its levels.
You visited the Abyss 1 time.

You collected 179 gold pieces.

Inventory:

Hand Weapons
 a - a +0 rapier
 b - a +3 dagger (weapon)
Missiles
 d - 2 throwing nets {!d , @Q1}
 e - 2 boomerangs (quivered) {@Q3}
 h - 7 poisoned darts
Armour
 c - a +0 helmet (worn)
 f - a +0 leather armour (worn)
 v - a +0 pair of boots (worn)
 A - a +0 scale mail
Jewellery
 k - the ring "Mecoyrgh" (left hand) {rC+ Int+5}
   (You found it on level 1 of the Dungeon)

   [ring of protection from cold]

   Int:       It affects your intelligence (+5).
   rC:        It protects you from cold.
 n - a ring of fire
Scrolls
 g - a scroll of teleportation {unknown}
 j - a scroll of magic mapping {unknown}
 m - a scroll of amnesia {unknown}
 p - 4 scrolls of identify {unknown}
 q - a scroll of enchant armour {unknown}
 s - a scroll of fear {unknown}
 t - a scroll of vulnerability {unknown}
 w - a scroll of summoning {unknown}
 y - a scroll of butterflies {unknown}
 z - a scroll of acquirement {unknown}
 B - a scroll of silence {unknown}
Potions
 i - 6 potions of curing {unknown}
 o - a potion of lignification
 u - 2 potions of heal wounds {unknown}
 x - a potion of mutation {unknown}


   Skills:
 - Level 2.1 Fighting
 + Level 7.1 Short Blades
 - Level 3.0 Throwing
 - Level 3.6 Dodging
 + Level 5.9 Stealth


You had 5 spell levels left.
You didn't know any spells.
Your spell library contained the following spells:

 Spells                   Type           Power      Damage    Failure   Level
 Slow                     Hex            0%         N/A       34%         1
 Confusing Touch          Hex            0%         N/A       71%         3
 Dazzling Flash           Conj/Hex       0%         N/A       71%         3
 Vampiric Draining        Necr           0%         2d6       71%         3
 Agony                    Necr           0%         N/A       100%        5
 Silence                  Hex/Air        0%         N/A       100%        5


Dungeon Overview and Level Annotations

Branches:
Dungeon (4/15) Zot: 20316
 Temple: D:4-7

Altars:

Annotations:
D:4 exclusion: 2 killer bees


Innate Abilities, Weirdness & Mutations

You are small and have problems with some larger weapons.
You are completely attuned to the shadows.


Message History

You feel less wooden.
Your +0 helmet unmelds from your body.
Your +0 pair of boots unmelds from your body.
Your +0 leather armour unmelds from your body.
You now have 23/35 hp.
You start resting.
HP restored.
Health restored: 35
Things that are here:
a +0 short sword; a +0 robe; the orc corpse of Blork the orc
d - 2 throwing nets {!d , @Q1}
Things that are here:
a +0 short sword; a +0 robe; the orc corpse of Blork the orc
Found a robe.
B - a scroll labelled TEPTAU FOON
Found a stone staircase leading up.
Things that are here:
a +0 short sword; a +0 robe; the orc corpse of Blork the orc
Things that are here:
a +0 trident; a +0 chain mail A kobold comes into view.
It is wielding a +0 short sword.
Found 12 gold pieces.
The kobold shouts!
You hear a shout! x9
Found a clear potion.
The kobold barely misses you.
A goblin comes into view. It is wielding a +0 dagger.
You closely miss the kobold.
A hobgoblin comes into view.
The kobold barely misses you.
A goblin comes into view.
It is wielding a +0 dagger of distortion.
The kobold throws a stone.
The stone hits you but does no damage.
Things that are here:
a +0 club; a goblin skeleton The kobold throws a stone.
The stone closely misses you.
A kobold is nearby!
A kobold is nearby!
There are no items here.
There are no items here.
You hit the goblin.
The goblin is severely wounded.
You hit the goblin.
You kill the goblin!
The kobold throws a stone.
The stone closely misses you.
The kobold hits you with a +0 short sword.
Things that are here:
a +0 dagger; a goblin corpse You take 1 damage, and have 34/35 hp.
You hit the kobold.
You kill the kobold!
The goblin closely misses you.
You closely miss the hobgoblin. You barely miss the hobgoblin.
The hobgoblin barely misses you. The goblin closely misses you.
Health restored: 35 You hit the hobgoblin.
The hobgoblin is severely wounded.
The hobgoblin hits you but does no damage.
The goblin barely misses you.
You hit the hobgoblin.
You kill the hobgoblin!
You hit the goblin.
The goblin is heavily wounded.
The goblin hits you with a +0 dagger of distortion.
You are cast into the Abyss!
This branch contains the abyssal rune of Zot.
You take 3 damage, and have 32/35 hp.
Health restored: 35 As you open the door, it creaks loudly!
You hear a croak.
There is an open door here.
A chaos spawn comes into view.
There is an open door here.
You close the door.
Something unseen breaks down the door.
A neqoxec comes into view.
A ynoxinul comes into view.
An ancient zyme comes into view.
You feel yourself growing ill in the presence of the ancient zyme.
It was a potion of resistance.
You feel protected. The ancient zyme hits you! The ancient zyme hits you.
You feel ill.
You take 14 damage, and have 21/35 hp.
MASSIVE DAMAGE!!
You feel ill.
You feel ill.
You feel ill. The ancient zyme hits you. The ancient zyme hits you!
* * * LOW HITPOINT WARNING * * *
You take 15 damage, and have 6/35 hp.
MASSIVE DAMAGE!!
You feel ill.
The ancient zyme attacks as you move away!
The ancient zyme barely misses you. The ancient zyme hits you.
* * * LOW HITPOINT WARNING * * *
You take 2 damage, and have 4/35 hp.
The ancient zyme attacks as you move away!
The ancient zyme hits you.
* * * LOW HITPOINT WARNING * * *
The ancient zyme hits you.
* * * LOW HITPOINT WARNING * * *
You take 2 damage, and have 2/35 hp.
The ancient zyme attacks as you move away!
The ancient zyme hits you!
You die...

. ██. █.█
█.██ █@.██
..██x█.█
......██
██.██4██
█...█..
█.█...██
█....█ .
███..██.█
.█. .
█.██.....█


You could see an ancient zyme and a chaos spawn.

Vanquished Creatures
  A black bear (D:4)
  Blork the orc (D:4)
  A scorpion (D:4)
  3 adders
  5 worms
  2 dart slugs
  6 orcs
  7 endoplasms
  5 giant cockroaches
  5 hobgoblins
  3 jackals (D:4)
  5 quokkas (D:3)
  2 ball pythons (D:3)
  7 bats
  A frilled lizard (D:2)
  6 goblins
  6 kobolds
  2 rats
68 creatures vanquished.

Notes
Turn   | Place    | Note
-------+----------+-------------------------------------------
     0 | D:1      | Goblin1989 the Kobold Gladiator began the quest for the
                  | Orb.
     0 | D:1      | Reached XP level 1. HP: 12/12 MP: 1/1
   238 | D:1      | Reached skill level 1 in Stealth
   238 | D:1      | Reached XP level 2. HP: 13/17 MP: 2/2
  1147 | D:1      | Found a faded altar of an unknown god.
  1164 | D:1      | Identified the ring "Mecoyrgh" {rC+ Int+5}
  1388 | D:2      | Reached XP level 3. HP: 21/21 MP: 3/3
  1667 | D:2      | Reached skill level 5 in Short Blades
  1717 | D:2      | You fall into a shaft and drop 1 floor!
  1869 | D:2      | Reached XP level 4. HP: 26/26 MP: 4/4
  2897 | D:3      | Reached XP level 5. HP: 30/30 MP: 5/5
  3371 | D:4      | Reached skill level 6 in Short Blades
  3478 | D:4      | Noticed a black bear
  3489 | D:4      | Killed a black bear
  3490 | D:4      | Reached skill level 5 in Stealth
  3490 | D:4      | Reached XP level 6. HP: 34/35 MP: 6/6
  3514 | D:4      | Noticed Blork the orc
  3537 | D:4      | Killed Blork the orc
  3538 | D:4      | Reached skill level 7 in Short Blades
  3729 | Abyss:1  | Cast into level 1 of the Abyss (goblin)
  3770 | Abyss:1  | Noticed a chaos spawn
  3785 | Abyss:1  | Noticed a neqoxec
  3790 | Abyss:1  | Noticed a ynoxinul
  3796 | Abyss:1  | Noticed an ancient zyme
  3820 | Abyss:1  | Mangled by an ancient zyme

Illustrated notes

Levels and vault maps discovered:
D:1:      mrwooster_arrival_statue_2, layout_basic,
          hellmonk_ecumenical_altar_lost_god
D:2:      layout_loops_ring
D:3:      layout_loops_ring, kennysheep_generic_room_16
D:4:      layout_cave_pools, temple_pool_b, chequers_serial_rivers_micro_c,
          uniq_robin, uniq_blork_the_orc, uniq_pikel, uniq_grinder
Abyss:1:  base: D:3, hangedman_cross_veins

Skill      XL: |  1  2  3  4  5  6 |
---------------+-------------------+-----
Stealth        | 1 2 3 5 |  5.9
Short Blades   | 5 6 7 |  7.1
Throwing       | 3 |  3.0
Fighting       | |  2.1
Dodging        | |  3.6

Action                   |  1- 3 |  4- 6 || total
-------------------------+-------+-------++-------
Melee: Rapier            |    27 |       ||    27
       Dagger            |    31 |   128 ||   159
       Punch             |     1 |       ||     1
Throw: Throwing net      |       |     4 ||     4
  Use: Potion            |       |     3 ||     3
 Stab: Sleeping          |    15 |    18 ||    33
       Held in net/web   |       |     2 ||     2
       Distracted        |       |     1 ||     1
Armor: Leather armour    |     7 |    13 ||    20
       Skin              |       |     7 ||     7
Dodge: Dodged            |    21 |    63 ||    84
